AoeStats
← 本人很暴躁

Black Forest

510468623Analyzed
4v4 RM · 3d ago on Oct 1, 2026· 39m 41s· 8 players
Game mode
Random Map
Map size
Large (8 player)
Population
200
Speed
Normal
Resources
Standard
Victory
Conquest
Starting age
Dark Age
Ending age
Imperial Age
RankedLock teamsTeams togetherTeam positionsShared explorationLock speedFull tech treeHidden civsTurbo modeCheats
Victory
Defeat
🇻🇳 Persians · Vietnam
1345
+13
🇨🇴 Mongols · Colombia
1272
+16
🇨🇳 Koreans · China
1265
+18
🇻🇳 Celts · Vietnam
1216
+18
🇺🇸 Vietnamese · United States
1344
-18
🇺🇸 Mongols · United States
1302
-20
🇺🇸 Persians · United States
1241
-15
🇧🇷 Gurjaras · Brazil
1206
-13
[T41] Cristian
9:15 Feudal Age
10:32 Man-at-Arms
11:01 Loom
14:11 Horse Collar
15:03 Fletching
22:26 Wheelbarrow
27:46 Castle Age
28:29 Scale Barding Armor
29:50 Forging
30:15 Bloodlines
31:19 Double-Bit Axe
31:36 Heavy Plow
31:11 Light Cavalry
35:14 Town Watch
35:47 Hand Cart
38:07 Imperial Age
36:14 Bow Saw
36:44 Chain Barding Armor
37:00 Iron Casting
38:13 Fishing Lines
38:25 Hussar
39:06 Husbandry
40:12 Blast Furnace
39:09 Gold Mining
39:11 Stone Mining
本人很暴躁
10:24 Feudal Age
11:43 Loom
14:56 Castle Age
13:39 Double-Bit Axe
14:11 Horse Collar
16:35 Bow Saw
18:43 Heavy Plow
22:47 Wheelbarrow
22:44 Gold Mining
24:57 Gold Shaft Mining
28:09 Imperial Age
25:45 Fletching
26:23 Bodkin Arrow
27:38 Hand Cart
26:47 Elite Skirmisher
27:57 Ballistics
29:01 Bracer
30:06 Chemistry
29:54 Stone Mining
30:29 Treadmill Crane
35:36 Stone Shaft Mining
35:36 Murder Holes
37:20 Coinage
38:38 Banking
38:04 Arrowslits
38:43 Conscription
38:29 Eupseong
HuynhSon
2:23 Loom
10:58 Feudal Age
15:35 Castle Age
15:25 Double-Bit Axe
16:26 Bow Saw
22:22 Stone Mining
22:25 Horse Collar
26:53 Stone Shaft Mining
26:33 Heavy Plow
30:59 Imperial Age
29:09 Scale Barding Armor
29:05 Husbandry
29:15 Bloodlines
30:02 Gold Mining
30:46 Chain Barding Armor
31:09 Wheelbarrow
30:53 Elite War Elephant
32:52 Plate Barding Armor
33:18 Hoardings
33:26 Conscription
33:37 Citadels
34:18 Forging
36:00 Chemistry
37:34 Devotion
38:26 Iron Casting
39:20 Hand Cart
danganharmy
10:47 Feudal Age
15:07 Castle Age
13:40 Double-Bit Axe
14:15 Horse Collar
17:11 Bow Saw
21:57 Loom
25:41 Wheelbarrow
26:30 Heavy Plow
27:27 Hand Cart
31:53 Imperial Age
29:09 Town Watch
29:16 Gold Mining
29:18 Stone Mining
30:41 Gold Shaft Mining
30:01 Pikeman
30:54 Forging
30:44 Scale Mail Armor
33:06 Iron Casting
32:46 Chain Mail Armor
32:29 Onager
33:26 Capped Ram
34:09 Halberdier
36:14 Blast Furnace
36:38 Chemistry
37:11 Plate Mail Armor
38:54 Furor Celtica
39:05 Conscription
MkobeW
1:01 Loom
9:40 Feudal Age
17:06 Castle Age
15:21 Double-Bit Axe
15:47 Fishing Lines
18:29 Wheelbarrow
18:06 Bow Saw
18:20 Gillnets
19:50 Gold Mining
26:21 Imperial Age
24:09 Fletching
25:15 Bodkin Arrow
27:13 Siege Engineers
27:13 Bracer
28:10 Stone Mining
29:37 Stone Shaft Mining
29:46 Caravan
31:15 Chemistry
32:39 Hand Cart
34:05 Conscription
33:48 Padded Archer Armor
34:02 Bloodlines
36:25 Elite Mangudai
SecretAgent1942
11:31 Feudal Age
16:11 Castle Age
14:03 Double-Bit Axe
15:33 Horse Collar
17:12 Bow Saw
17:06 Heavy Plow
20:55 Fletching
21:54 Bodkin Arrow
22:09 Crossbowman
23:26 Thumb Ring
24:20 Squires
24:50 Gold Mining
25:30 Padded Archer Armor
26:35 Wheelbarrow
25:49 Loom
26:10 Stone Mining
25:53 Pikeman
30:02 Hand Cart
33:49 Imperial Age
31:48 Hand Cart
31:22 Town Watch
31:54 Leather Archer Armor
31:50 Forging
32:48 Town Patrol
34:12 Ballistics
35:47 Chemistry
34:58 Masonry
35:06 Bracer
34:31 Arbalester
36:29 Two-Man Saw
36:02 Paper Money
Forkan Rick
12:18 Feudal Age
13:27 Double-Bit Axe
16:07 Loom
20:55 Castle Age
20:31 Gold Mining
22:47 Gold Mining
24:04 Wheelbarrow
25:37 Scale Barding Armor
25:42 Forging
26:21 Bloodlines
26:31 Husbandry
27:02 Fishing Lines
33:18 Imperial Age
33:17 Chain Barding Armor
33:00 Cavalier
34:22 Iron Casting
35:29 Hand Cart
36:10 Plate Barding Armor
35:45 Savar
37:06 Caravan
37:36 Coinage
39:15 Block Printing
39:11 Fervor
dionathanbh
3:02 Loom
10:54 Feudal Age
22:18 Castle Age
26:03 Wheelbarrow
25:22 Double-Bit Axe
27:13 Bow Saw
32:46 Hand Cart
36:00 Gold Mining
36:03 Stone Mining
37:24 Gold Shaft Mining
41:31 Imperial Age
38:46 Town Watch
Connection lost

Rejoining the realm…

Still unreachable

The connection could not be restored.

Session expired

The server has moved on; the page needs a fresh start.